Map: 백워터 - 래더

Players

Losira - Winner!

  • Race: Zerg Zerg
  • Spawn Location: 5:00

soO

  • Race: Zerg Zerg
  • Spawn Location: 11:00

Event: IEM Season 12 - Katowice

VOD

Have the link to the VOD?

Description

Time

  • Played on: Feb. 27, 2018, 11:30 a.m.
  • Length: 9:49

All games in this series

Show
View Real Time Build Order
Export as new Build Order

Losira Zerg - Winner!

Build Orders: Hatch First, Zergling Baneling 

Get SALT Encoding   

  12  0:00  Drone  
  13  0:12  Overlord  
  13  0:17  Drone  
  14  0:30  Drone  
  14  0:31  Drone  
  14  0:34  Drone  
  17  0:51  Hatchery  
  17  0:54  Drone  
  17  0:58  Drone  
  18  1:05  Extractor  
  17  1:13  Spawning Pool  
  17  1:15  Drone  
  17  1:19  Drone  
  18  1:27  Drone  
  19  1:38  Overlord  
  19  1:59  Queen, Zergling x2  
  19  2:00  Zergling x2  
  23  2:03  Baneling Nest, Zergling x2  
  23  2:04  Spine Crawler  
  22  2:12  Zergling x2  
  22  2:14  Zergling x2  
  24  2:23  Zergling x2  
  25  2:35  Queen  
  27  2:46  Baneling x4  
  27  2:47  Drone x2  
  29  2:55  Zergling x2  
  25  3:07  Zergling x2  
  25  3:10  Zergling x2  
  27  3:18  Metabolic Boost  
  26  3:20  Zergling x2  
  26  3:29  Baneling  
  26  3:31  Drone  
  27  3:41  Drone  
  27  3:47  Baneling, Zergling x2  
  28  3:49  Zergling x2  
  28  3:50  Overlord  
  29  3:57  Spine Crawler  
  29  3:58  Baneling  
  29  3:59  Baneling  
  29  4:00  Zergling x2  
  30  4:17  Hatchery  
  30  4:19  Evolution Chamber, Drone x2  
  30  4:20  Drone x2  
  32  4:35  Drone x2  
  34  4:46  Zerg Missile Weapons Level 1  
  34  4:48  Drone x4  
  38  4:57  Overlord  
  37  5:14  Drone  
  37  5:15  Drone  
  37  5:16  Drone  
  37  5:17  Drone x2  
  37  5:19  Roach Warren  
  40  5:23  Lair  
  40  5:27  Drone  
  40  5:28  Extractor  
  40  5:32  Drone  
  41  5:39  Drone  
  41  5:42  Drone  
  42  5:48  Drone  
  42  5:49  Drone  
  43  5:50  Drone  
  43  5:51  Drone  
  43  5:52  Drone  
  43  5:55  Extractor  
  45  6:01  Zergling x2  
  45  6:02  Roach  
  45  6:03  Roach x2  
  51  6:05  Overlord  
  51  6:12  Overlord  
  51  6:14  Hatchery  
  50  6:21  Drone x2  
  50  6:23  Overlord  
  52  6:27  Glial Reconstitution  
  52  6:36  Drone  
  53  6:40  Zerg Missile Weapons Level 2  
  53  6:41  Overseer  
  53  6:44  Roach  
  56  6:47  Drone x3  
  56  6:49  Drone x2  
  56  6:50  Queen  
  56  6:53  Roach, Extractor  
  63  6:57  Overlord  
  63  6:58  Roach  
  63  7:01  Roach  
  66  7:04  Roach  
  66  7:06  Roach  
  70  7:09  Overlord  
  70  7:13  Roach  
  70  7:15  Overlord  
  72  7:18  Roach  
  72  7:19  Roach  
  76  7:23  Roach  
  76  7:26  Roach  
  76  7:28  Roach  
  82  7:33  Roach x2  
  82  7:35  Roach  
  88  7:37  Roach  
  88  7:40  Roach  
  88  7:42  Roach  
  96  7:44  Roach  
  96  7:46  Unknown  
  96  7:47  Roach  
  96  7:50  Overlord  
  98  7:52  Roach  
  98  7:53  Roach  
  98  7:57  Roach  
  104  7:59  Roach  
  104  8:01  Overlord  
  106  8:06  Overlord  
  106  8:08  Roach  
  106  8:10  Roach  
  106  8:12  Roach  
  112  8:14  Roach  
  114  8:21  Roach x2  
  114  8:22  Roach  
  114  8:23  Roach  
  114  8:26  Roach  
  124  8:28  Roach  
  124  8:30  Roach  
  128  8:35  Roach  
  128  8:37  Overlord  
  130  8:43  Overlord  
  130  8:45  Unknown  
  130  8:51  Overlord  
  130  8:57  Roach x4  
  130  8:59  Overlord  
  130  9:02  Roach, Overlord  
  140  9:03  Roach  
  140  9:07  Roach x2  
  140  9:09  Roach  
  148  9:12  Ravager x3  
  148  9:13  Ravager  
  152  9:18  Roach  
  152  9:20  Roach  
  154  9:24  Roach  
  154  9:25  Roach  
Show
View Real Time Build Order
Export as new Build Order

soO Zerg 

Build Orders: 1 Base Baneling Bust, Pool First, Zergling Baneling 

Get SALT Encoding   

  12  0:16  Spawning Pool  
  11  0:21  Drone  
  11  0:26  Drone  
  13  0:31  Drone  
  13  0:33  Extractor  
  13  0:45  Overlord  
  13  1:03  Zergling x2  
  14  1:04  Zergling x2  
  14  1:05  Zergling x2  
  16  1:12  Queen  
  18  1:18  Zergling x2  
  19  1:27  Zergling x2  
  20  1:33  Metabolic Boost  
  20  1:38  Zergling x2  
  21  1:48  Zergling x2  
  22  1:54  Baneling Nest  
  21  2:03  Overlord  
  21  2:09  Zergling x2  
  22  2:23  Zergling x4  
  22  2:24  Zergling x2  
  25  2:35  Zergling x2  
  26  2:41  Baneling x3  
  26  2:45  Zergling x2  
  26  2:48  Baneling  
  27  2:57  Zergling x2  
  27  2:58  Zergling x2  
  24  3:17  Drone x2  
  24  3:18  Drone  
  25  3:22  Baneling  
  25  3:23  Baneling x2  
  24  3:30  Drone  
  25  3:36  Baneling  
  23  3:48  Drone  
  24  3:58  Hatchery  
  24  4:00  Drone  
  24  4:04  Baneling  
  24  4:07  Drone  
  24  4:08  Drone  
  26  4:14  Drone  
  27  4:21  Drone x2  
  29  4:26  Drone  
  29  4:37  Overlord  
  29  4:46  Drone  
  30  4:55  Queen  
  32  5:00  Drone  
  32  5:01  Drone  
  32  5:05  Drone  
  32  5:06  Drone x2  
  37  5:11  Drone  
  36  5:16  Drone  
  36  5:17  Drone  
  36  5:18  Drone x2  
  39  5:22  Drone  
  39  5:26  Baneling  
  40  5:30  Zergling x2  
  40  5:32  Zergling x2  
  42  5:39  Drone  
  43  5:47  Drone x2  
  43  5:48  Drone  
  43  5:49  Drone  
  43  5:53  Overlord  
  43  5:57  Overlord  
  43  6:02  Extractor  
  43  6:03  Extractor  
  41  6:04  Lair  
  41  6:05  Overlord  
  41  6:07  Drone  
  41  6:10  Baneling  
  42  6:13  Drone  
  42  6:14  Drone  
  42  6:16  Evolution Chamber  
  42  6:17  Roach Warren  
  42  6:18  Drone  
  42  6:19  Drone  
  42  6:22  Drone  
  45  6:26  Drone x2  
  45  6:27  Drone  
  45  6:31  Drone  
  45  6:32  Drone  
  50  6:43  Zerg Missile Weapons Level 1  
  50  6:54  Overlord, Hatchery  
  50  6:57  Roach x3  
  55  7:02  Glial Reconstitution  
  55  7:03  Roach  
  55  7:06  Roach  
  61  7:08  Roach  
  61  7:10  Roach  
  61  7:14  Drone x3  
  66  7:17  Roach  
  66  7:19  Overseer  
  67  7:23  Roach  
  67  7:25  Overlord  
  67  7:26  Drone  
  67  7:27  Drone  
  71  7:31  Drone x2  
  71  7:34  Overlord  
  73  7:38  Roach  
  73  7:41  Overlord  
  75  7:49  Roach  
  75  7:50  Roach  
  79  7:53  Roach x3  
  79  7:54  Roach  
  87  7:59  Queen  
  89  8:07  Drone x5  
  94  8:12  Hydralisk Den  
  94  8:13  Roach  
  94  8:17  Roach  
  94  8:19  Overseer  
  97  8:20  Roach  
  97  8:22  Overlord  
  99  8:28  Drone x2  
  99  8:30  Overlord  
  99  8:31  Overlord  
  99  8:34  Overlord  
  101  8:37  Overlord  
  101  8:44  Hydralisk x2  
  105  8:49  Extractor x2, Hydralisk x2  
  105  8:55  Roach x3  
  113  8:59  Roach  
  113  9:00  Roach  
  113  9:01  Roach  
  119  9:05  Roach  
  119  9:06  Ravager  
  119  9:09  Roach  
  125  9:10  Zergling x2  
  125  9:11  Roach  
  125  9:13  Roach  
  125  9:14  Roach x4  
  125  9:16  Overlord x2  
  137  9:17  Overlord  
  137  9:28  Roach x3  
  137  9:29  Roach  

Tags
 
Add a new tag
Caveats
  • Supply blocks, unpowered buildings, or Contaminate may cause inaccurate times.
  • Supply counts are checked every 10 seconds.